 Dungeon Crawl Stone Soup version 0.32-a0-675-gdc239d62e1 (webtiles) character file.

Game seed: 13919189138698855189

45344 jasper the Grappler (level 14, -1/108 HPs)
             Began as an Octopode Fighter on Mar 11, 2024.
             Was a High Priest of Ashenzari.
             Slain by a four-headed hydra (6 damage)
             ... while petrified by a basilisk
             ... on level 5 of the Lair of Beasts.
             The game lasted 00:25:51 (14865 turns).

jasper the Grappler (Octopode Fighter)             Turns: 14865, Time: 00:25:52

Health: -1/108     AC:  1    Str: 20    XL:     14   Next: 32%
Magic:  14/14      EV:  2    Int: 16    God:    Ashenzari [*****.]
Gold:   691        SH:  0    Dex: 15    Spells: 13/13 levels left

rFire   . .          .
                       - Unarmed
rCold   + + .        K - +0 kite shield "Overhang to Understand" {Fort, Cun} (curse)
rNeg    + + +        (helmet restricted)
rPois   ∞            F - amulet of the Chained Firmament {Regen+, Cun, Dev} (curse)
rElec   +            d - ring of the Eye in the Sky {SInv, Melee, Comp} (curse)
rCorr   +            j - ring of Supernal Gnosis {rElec rCorr Str+3, Dev, Range} (curse)
SInv    +            w - ring of the Prophetic Loss {rN+, Comp, Dev} (curse)
Will    +....        b - ring of Ashenzari's Shame {rPois, Cun, Fort} (curse)
Stlth   +++++        I - ring "At What Cost Knowledge?" {rC+, Comp, Self} (curse)
HPRegen 1.18/turn    a - ring of Cremastomancy {EV+5, Range, Cun} (curse)
MPRegen 0.14/turn    S - ring "Ruined Minor Irritation" {Int+6, Fort, Bglg} (curse)
                     R - ring "Thunder Perfect Mind" {rC+, Bglg, Self} (curse)

%: clarity
@: maw-form, petrified
A: devouring maw, almost no armour, amphibious, 8 rings, camouflage 1,
gelatinous body 1, (nimble swimmer 1), tentacles
a: Begin Untransformation, Renounce Religion, Curse Item, Shatter the Chains


You were on level 5 of the Lair of Beasts.
You worshipped Ashenzari.
Ashenzari was extremely pleased with you.
You were a creature with a mouth for a stomach.
You visited 5 branches of the dungeon, and saw 21 of its levels.
You also visited: Sewer, Gauntlet and Ice Cave.

You collected 1131 gold pieces.
You spent 440 gold pieces at shops.

Inventory:

Missiles
 e - 12 boomerangs (quivered)
 o - 168 stones
 p - 9 javelins
Armour
 K - the cursed +0 kite shield "Overhang to Understand" (worn) {Fort, Cun}
   (You took it off a gnoll sergeant on level 9 of the Dungeon)

   It has a curse which improves the following skills: Fortitude: Shields.
   Cunning:   Dodging and Stealth.
Jewellery
 a - the cursed ring of Cremastomancy (on tentacle) {EV+5, Range, Cun}
   (You found it in an ice cave)

   [ring of evasion]

   EV+5:      It affects your evasion (+5).
   It has a curse which improves the following skills: Ranged Combat: Ranged
   Weapons and Throwing.
   Cunning:   Dodging and Stealth.
 b - the cursed ring of Ashenzari's Shame (on tentacle) {rPois, Cun, Fort}
   (You took it off an orc on level 7 of the Dungeon)

   [ring of poison resistance]

   rPois:     It protects you from poison.
   It has a curse which improves the following skills: Cunning: Dodging and
   Stealth.
   Fortitude: Shields.
 d - the cursed ring of the Eye in the Sky (left tentacle) {SInv, Melee, Comp}
   (You found it on level 1 of the Dungeon)

   [ring of see invisible]

   SInv:      It lets you see invisible.
   It has a curse which improves the following skills: Melee Combat: Short
   Blades, Long Blades, Axes, Maces & Flails, Polearms, Staves and Unarmed
   Combat.
   Companions: Summonings and Necromancy.
 j - the cursed ring of Supernal Gnosis (right tentacle) {rElec rCorr Str+3, Dev, Range}
   (You took it off a goblin on level 4 of the Dungeon)

   [ring of resist corrosion]

   Str+3:     It affects your strength (+3).
   rElec:     It insulates you from electricity.
   rCorr:     It protects you from acid and corrosion.
   It has a curse which improves the following skills: Devices: Evocations and
   Shapeshifting.
   Ranged Combat: Ranged Weapons and Throwing.
 w - the cursed ring of the Prophetic Loss (on tentacle) {rN+, Comp, Dev}
   (You found it on level 4 of the Dungeon)

   [ring of positive energy]

   rN+:       It protects you from negative energy.
   It has a curse which improves the following skills: Companions: Summonings
   and Necromancy.
   Devices:   Evocations and Shapeshifting.
 F - the cursed amulet of the Chained Firmament (around mantle) {Regen+, Cun, Dev}
   (You found it on level 7 of the Dungeon)

   [amulet of regeneration]

   Regen+:    It increases your rate of health regeneration.
   It has a curse which improves the following skills: Cunning: Dodging and
   Stealth.
   Devices:   Evocations and Shapeshifting.
 I - the cursed ring "At What Cost Knowledge?" (on tentacle) {rC+, Comp, Self}
   (You bought it in a shop on level 8 of the Dungeon)

   [ring of protection from cold]

   rC+:       It protects you from cold.
   It has a curse which improves the following skills: Companions: Summonings
   and Necromancy.
   Introspection: Fighting and Spellcasting.
 R - the cursed ring "Thunder Perfect Mind" (on tentacle) {rC+, Bglg, Self}
   (You found it in a Gauntlet)

   [ring of protection from cold]

   rC+:       It protects you from cold.
   It has a curse which improves the following skills: Beguiling: Hexes and
   Translocations.
   Introspection: Fighting and Spellcasting.
 S - the cursed ring "Ruined Minor Irritation" (on tentacle) {Int+6, Fort, Bglg}
   (You found it in a Gauntlet)

   [ring of intelligence]

   Int+6:     It affects your intelligence (+6).
   It has a curse which improves the following skills: Fortitude: Shields.
   Beguiling: Hexes and Translocations.
Talismans
 n - a blade talisman
 u - a maw talisman (active)
 O - a beast talisman
Wands
 f - a wand of polymorph (15)
 y - a wand of paralysis (13)
 D - a wand of flame (5)
 H - a wand of warping (19)
 M - a wand of mindburst (9)
Scrolls
 h - 7 scrolls of teleportation
 r - 5 scrolls of noise
 x - 2 scrolls of enchant armour
 A - 2 scrolls of enchant weapon
 B - 3 scrolls of amnesia
 C - 4 scrolls of fog
 E - 3 scrolls of fear
 G - a scroll of immolation
 L - 3 scrolls of vulnerability
 N - a scroll of brand weapon
 Q - a scroll of blinking
 W - a scroll of silence
 X - a scroll of poison
Potions
 c - a potion of haste
 g - 2 potions of brilliance
 i - a potion of lignification
 k - 2 potions of magic
 l - a potion of resistance
 m - 6 potions of mutation
 q - 9 potions of ambrosia
 s - 2 potions of enlightenment
 t - 4 potions of cancellation
 v - a potion of might
 z - 3 potions of attraction
 J - 6 potions of curing
 T - 3 potions of heal wounds


   Skills:
 + Level 11.0(14.1) Fighting
 + Level 10.8(15.8) Dodging
 - Level 4.5(9.1) Stealth
 + Level 7.7(11.9) Shields
 * Level 14.2(16.3) Unarmed Combat
 - Level 11.5(15.7) Shapeshifting


You had 13 spell levels left.
You didn't know any spells.
Your spell library contained the following spells:

 Spells                   Type           Power      Damage    Failure   Level
 Sting                    Conj/Alch      0%         1d3       38%         1
 Cigotuvi's Dreadful Rot  Necr/Alch/Air  0%         N/A       52%         2
 Scorch                   Fire           0%         2d5       54%         2
 Dazzling Flash           Conj/Hex       2%         N/A       75%         3
 Summon Ice Beast         Ice/Summ       1%         N/A       75%         3
 Mephitic Cloud           Conj/Alch/Air  0%         N/A       77%         3
 Dispel Undead            Necr           2%         3d7       97%         4
 Martyr's Knell           Necr/Summ      2%         N/A       97%         4
 Flame Wave               Conj/Fire      0%         2d4       99%         4
 Ignite Poison            Fire/Alch      0%         N/A       99%         4
 Curse of Agony           Necr           2%         N/A       100%        5
 Freezing Cloud           Conj/Ice/Air   0%         6-21      100%        5
 Iskenderun's Battlesphe  Conj           0%         2d6       100%        5
 Silence                  Hex/Air        0%         N/A       100%        5
 Summon Mana Viper        Hex/Summ       1%         N/A       100%        5
 Death Channel            Necr           1%         N/A       100%        6
 Sculpt Simulacrum        Ice/Alch       0%         N/A       100%        6
 Summon Cactus Giant      Summ           1%         N/A       100%        6
 Haunt                    Necr/Summ      1%         N/A       100%        7
 Monstrous Menagerie      Summ           1%         N/A       100%        7
 Ozocubu's Refrigeration  Ice            0%         4d7       100%        7
 Spellforged Servitor     Conj/Summ      0%         N/A       100%        7
 Borgnjor's Revivificati  Necr           1%         N/A       100%        8
 Death's Door             Necr           1%         N/A       100%        9
 Polar Vortex             Ice            0%         N/A       100%        9


Dungeon Overview and Level Annotations

Branches:
Dungeon (13/15)            Temple (1/1) D:4            Lair (5/5) D:9
  Swamp (0/4) Lair:3       Spider (1/4) Lair:3        Slime (1/5) Lair:4
    Orc (0/2) D:12          Sewer (visited)           IceCv (visited)
Gauntlet (visited)
 Vaults: D:13-14

Altars:
Ashenzari
Cheibriados
Dithmenos
Elyvilon
Fedhas
Gozag
Hepliaklqana
Kikubaaqudgha
Makhleb
Nemelex Xobeh
Okawaru
Qazlal
Ru
Sif Muna
Trog
Uskayaw
Vehumet
Wu Jian
Xom
Yredelemnul
Zin
The Shining One
Jiyva

Shops:
D:2 (   D:8 [=!(

Portals:
Trove: D:11 (give 2 scrolls of acquirement)

Annotations:
D:10 exclusion: door


Innate Abilities, Weirdness & Mutations

You are a creature with a mouth for a stomach.
Your midsection houses a second, enormous mouth.
You are immune to poison.
You cannot wear most types of armour.
You are amphibious.
You can wear up to eight rings at the same time.
Your skin changes colour to match your surroundings (Stealth+).
Your rubbery body absorbs attacks. (AC +1, EV +1)
((You are camouflaged when in or above water. (Stealth+)))
You have tentacles for arms and can constrict up to eight enemies at once.


Message History

The four-headed hydra barely misses you.
You block the four-headed hydra's attack. x2
You have turned to stone.
The water moccasin completely misses you.
The four-headed hydra is engulfed in blazing flames.
Flame seeps out of the four-headed hydra.
The four-headed hydra bites you!
The four-headed hydra completely misses you.
The four-headed hydra barely misses you.
The four-headed hydra bites you! The water moccasin bites you.
An elephant comes into view.
The water moccasin bites you!
The four-headed hydra is engulfed in blazing flames.
Flame seeps out of the four-headed hydra.
The four-headed hydra bites you! x3; The four-headed hydra bites you.
The water moccasin bites you.
The four-headed hydra barely misses you.
The four-headed hydra bites you!
The four-headed hydra barely misses you.
The four-headed hydra bites you!
The water moccasin bites you! x2; The four-headed hydra bites you! x2
The four-headed hydra bites you.
* * * LOW HITPOINT WARNING * * *
The four-headed hydra bites you!
* * * LOW HITPOINT WARNING * * *
The water moccasin bites you.
* * * LOW HITPOINT WARNING * * *
The four-headed hydra bites you.
* * * LOW HITPOINT WARNING * * *
The four-headed hydra bites you!
* * * LOW HITPOINT WARNING * * *
The four-headed hydra barely misses you.
The four-headed hydra bites you!
* * * LOW HITPOINT WARNING * * *
The water moccasin bites you.
* * * LOW HITPOINT WARNING * * *
The four-headed hydra bites you!
* * * LOW HITPOINT WARNING * * *
The four-headed hydra bites you!
You die...

*,,,,,*##,....#**,,
,,*,##,#.*....,#.*,,
,,,,,..#S....#...,,,
,,,ß,,.+.#.ß.#...,,ß
,,,,,,,.....Y..#,,,,
,####*,*.#YY.#.#,*,*
,.....###lhh.h###,,,
,####...#D#{....###,
,......SW#...##....,
,..................,
,.......#ß.<.ß#.#..,
,.......#.....#,,,,,
*.<.....##.ß.##,,,,,
*.......,.#....,,,,,
,...#.#.........,,,,
,..###...P#P....,,,,
,,,,**##.###.....,,,


You could see a four-headed hydra (inner flame), 2 elephants, a yak (inner
flame), a basilisk (inner flame), a water moccasin (inner flame) and 2 wolves.

Vanquished Creatures
  A minotaur (Gauntlet)
  4 hydras
  3 two-headed ogres
  2 boulder beetles
  Nergalle (D:11)
  A skyshark (Lair:2)
  A fire crab (Gauntlet)
  2 arcanists
  A necromancer (Gauntlet)
  4 black mambas
  11 elephants
  Maggie (D:7)
  A torpor snail (Gauntlet)
  9 cane toads
  9 komodo dragons
  2 unseen horrors
  5 rime drakes
  A freezing wraith (IceCv)
  A kobold demonologist (D:13)
  A queen bee (D:11)
  6 trolls
  Grinder (D:5)
  A tyrant leech (Lair:3)
  A hornet (shapeshifter) (D:13)
  A tarantella (Lair:3)
  A hornet (D:9)
  A polar bear (Lair:4)
  4 dream sheep (Lair:4)
  10 blink frogs
  Prince Ribbit (D:5)
  A vampire (D:13)
  47 yaks
  5 wyverns
  3 fire bats (Gauntlet)
  A steam dragon (D:9)
  2 basilisks
  A warg (D:12)
  A death yak simulacrum (IceCv)
  3 vampire mosquitoes (D:10)
  A redback (Lair:3)
  Edmund (D:4)
  2 swamp worms (Lair:3)
  8 water moccasins
  An acid dragon (D:11)
  Duvessa (D:6)
  An orc warrior (D:11)
  An ice beast (D:6)
  A black bear (Lair:1)
  An ogre (D:4)
  19 wolves
  9 centaurs
  A phantom (D:5)
  6 kobold brigands
  10 bullfrogs
  A gnoll sergeant (D:9)
  3 cane toad simulacra (IceCv)
  3 scorpions
  5 wights (D:6)
  Dowan (D:6)
  An elephant simulacrum (IceCv)
  28 killer bees
  An electric eel (Lair:1)
  3 howler monkeys
  Crazy Yiuf (D:7)
  A bombardier beetle (D:6)
  4 hounds
  3 orc priests
  5 jellies
  A sleepcap (D:6)
  4 gnoll boudas
  Ijyb (D:4)
  2 iguanas
  6 orc wizards
  6 hell rats
  Natasha (twice) (D:3)
  Robin (D:3)
  21 gnolls
  10 adders
  3 river rats (Sewer)
  3 shadow imps
  3 white imps
  6 dart slugs
  4 ribbon worms
  29 orcs
  A bat (D:1)
  11 endoplasms
  6 giant cockroaches
  13 goblins
  7 hobgoblins
  16 jackals
  3 quokkas
  3 ball pythons
  3 frilled lizards
  33 kobolds
  10 rats
483 creatures vanquished.

Notes
Turn   | Place    | Note
-------+----------+-------------------------------------------
     0 | D:1      | jasper the Octopode Fighter began the quest for the Orb.
     0 | D:1      | Reached XP level 1. HP: 16/16 MP: 1/1
    26 | D:1      | Reached skill level 1 in Stealth
    31 | D:1      | Reached XP level 2. HP: 10/21 MP: 2/2
   206 | D:1      | Reached XP level 3. HP: 19/26 MP: 3/3
   708 | D:2      | Reached XP level 4. HP: 6/31 MP: 4/4
   823 | D:2      | Found a faded altar of an unknown god.
   874 | D:4      | Noticed Ijyb
   884 | D:4      | Killed Ijyb
   901 | D:4      | Found a glowing drain.
   916 | Sewer    | Entered a sewer
   943 | Sewer    | Reached XP level 5. HP: 19/36 MP: 5/5
  1252 | D:4      | Identified the ring of Bakur {rElec rCorr Str+3}
  1343 | D:4      | Noticed an ogre
  1351 | D:4      | Killed an ogre
  1352 | D:4      | Reached skill level 3 in Unarmed Combat
  1352 | D:4      | Reached XP level 6. HP: 12/43 MP: 6/6
  1475 | D:4      | Found a hazy altar of Hepliaklqana.
  1534 | D:4      | Noticed Edmund
  1537 | D:4      | Found a staircase to the Ecumenical Temple.
  1543 | Temple   | Entered the Ecumenical Temple
  1552 | Temple   | Became a worshipper of Ashenzari the Shackled
  1936 | D:2      | Found Gephad's Antique Weapon Emporium.
  2243 | D:3      | Found a basalt altar of Yredelemnul.
  2576 | D:3      | Noticed Robin
  2586 | D:3      | Killed Robin
  2760 | D:3      | Noticed Natasha
  2768 | D:3      | Killed Natasha
  2861 | D:3      | Reached XP level 7. HP: 49/49 MP: 7/7
  2915 | D:3      | Reached skill level 4 in Unarmed Combat
  2960 | D:3      | Noticed Natasha
  2966 | D:3      | Killed Natasha
  3056 | D:3      | Identified a scroll of acquirement
  3056 | D:3      | Acquired a maw talisman
  3160 | D:4      | Reached * piety under Ashenzari
  3162 | D:4      | Reached XP level 8. HP: 54/54 MP: 8/8
  3734 | D:4      | Killed Edmund
  3931 | D:5      | Entered Level 5 of the Dungeon
  3981 | D:5      | Noticed Prince Ribbit
  3986 | D:5      | Noticed Grinder
  3992 | D:5      | Reached skill level 5 in Fighting
  3994 | D:5      | Killed Prince Ribbit
  3995 | D:5      | Reached skill level 5 in Dodging
  3995 | D:5      | Killed Grinder
  3996 | D:5      | Reached skill level 5 in Unarmed Combat
  3996 | D:5      | Reached XP level 9. HP: 28/61 MP: 9/9
  4577 | D:5      | Found an ancient bone altar of Kikubaaqudgha.
  5052 | D:6      | Identified the Almanac of the Exiled Nights
  5296 | D:6      | Noticed Duvessa
  5297 | D:6      | Noticed Dowan
  5304 | D:6      | Killed Duvessa
  5307 | D:6      | Killed Dowan
  5366 | D:6      | Reached ** piety under Ashenzari
  5757 | D:6      | Reached skill level 6 in Unarmed Combat
  6103 | D:7      | Noticed Maggie
  6114 | D:7      | Killed Maggie
  6144 | D:7      | Reached XP level 10. HP: 61/68 MP: 10/10
  6674 | D:7      | Found a runed translucent door.
  6675 | D:7      | Noticed Crazy Yiuf
  6716 | D:7      | Killed Crazy Yiuf
  6806 | D:8      | Found Arghekh's Jewellery Emporium.
  6814 | D:8      | Bought a ring of protection from cold for 350 gold pieces
  6854 | D:8      | Reached skill level 7 in Unarmed Combat
  7027 | D:8      | Found a shadowy altar of Dithmenos.
  7087 | D:8      | Found Anadaa Loifu's Distillery.
  7107 | D:8      | Bought a potion of curing for 45 gold pieces
  7107 | D:8      | Bought a potion of curing for 45 gold pieces
  7206 | D:8      | Found Wonweloi's Armour Boutique.
  7206 | D:8      | Noticed an animated pearl dragon scales
  7206 | D:8      | Noticed an animated pearl dragon scales
  7258 | D:8      | Found a radiant altar of Vehumet.
  7309 | D:8      | Noticed a two-headed ogre
  7316 | D:8      | Killed a two-headed ogre
  7379 | D:8      | Found Nol Yqop's Weapon Shop.
  7397 | D:8      | Found an ornate altar of the Wu Jian Council.
  7653 | D:9      | Found a staircase to the Lair.
  7782 | D:9      | Reached skill level 8 in Unarmed Combat
  7974 | D:9      | Noticed a boulder beetle
  7982 | D:9      | Killed a boulder beetle
  7983 | D:9      | Reached XP level 11. HP: 50/75 MP: 11/11
  8043 | D:9      | Found an iron altar of Okawaru.
  8334 | D:10     | Entered Level 10 of the Dungeon
  8553 | D:10     | Noticed a two-headed ogre
  8559 | D:10     | Killed a two-headed ogre
  8560 | D:10     | Reached skill level 9 in Unarmed Combat
  8589 | D:10     | Noticed a two-headed ogre
  8593 | D:10     | Killed a two-headed ogre
  8625 | D:10     | Reached *** piety under Ashenzari
  8813 | D:10     | Noticed an arcanist
  8822 | D:10     | Killed an arcanist
  9167 | D:11     | Reached skill level 10 in Unarmed Combat
  9311 | D:11     | Noticed Nergalle
  9315 | D:11     | Killed Nergalle
  9345 | D:11     | Reached XP level 12. HP: 84/84 MP: 12/12
  9449 | D:11     | Identified the cursed +1 buckler of the Shattered Seer
                  | {Fort, Bglg}
  9726 | D:11     | You fall into a shaft and drop 2 floors!
  9800 | D:13     | Noticed a centaur warrior
  9876 | D:13     | Found a frozen archway.
  9889 | IceCv    | Entered an ice cave
  9905 | IceCv    | Reached skill level 11 in Unarmed Combat
  9936 | IceCv    | Found a transporter.
  9951 | IceCv    | Found a transporter.
 10217 | D:12     | Found a staircase to the Orcish Mines.
 10418 | D:12     | Reached **** piety under Ashenzari
 10647 | D:11     | Found a portal to a secret trove of treasure.
 10787 | Lair:1   | Entered Level 1 of the Lair of Beasts
 11589 | Lair:2   | Reached skill level 5 in Shields
 11596 | Lair:2   | Found a gate leading to a gauntlet.
 11604 | Lair:2   | Reached skill level 12 in Unarmed Combat
 11618 | Gauntlet | Entered a Gauntlet
 11618 | Gauntlet | Found a transporter.
 11618 | Gauntlet | Found a transporter.
 11619 | Gauntlet | Found a transporter.
 11619 | Gauntlet | Found a transporter.
 11622 | Gauntlet | Found a transporter.
 11624 | Gauntlet | Found a large runed translucent door.
 11625 | Gauntlet | Found a large runed translucent door.
 11626 | Gauntlet | Found a large runed translucent door.
 11626 | Gauntlet | Found a large runed translucent door.
 11626 | Gauntlet | Found a runed translucent door.
 11626 | Gauntlet | Found a runed translucent door.
 11627 | Gauntlet | Found a large runed translucent door.
 11627 | Gauntlet | Found a large runed translucent door.
 11627 | Gauntlet | Found a large runed translucent door.
 11627 | Gauntlet | Found a large runed translucent door.
 11628 | Gauntlet | Found a large runed translucent door.
 11629 | Gauntlet | Found a large runed translucent door.
 11633 | Gauntlet | Found a transporter.
 11640 | Gauntlet | Found a transporter.
 11640 | Gauntlet | Found a large runed translucent door.
 11640 | Gauntlet | Found a large runed translucent door.
 11641 | Gauntlet | Found a large runed translucent door.
 11641 | Gauntlet | Found a large runed translucent door.
 11641 | Gauntlet | Found a large runed translucent door.
 11641 | Gauntlet | Found a large runed translucent door.
 11650 | Gauntlet | Found a runed translucent gate.
 11650 | Gauntlet | Found a runed translucent gate.
 11650 | Gauntlet | Found a runed translucent gate.
 11652 | Gauntlet | Found a transporter.
 11674 | Gauntlet | Found a transporter.
 11692 | Gauntlet | Found a transporter.
 11700 | Gauntlet | Found a transporter.
 11770 | Gauntlet | Found a transporter.
 11903 | Gauntlet | Reached XP level 13. HP: 95/95 MP: 13/13
 11978 | Gauntlet | Noticed a minotaur
 11988 | Gauntlet | Killed a minotaur
 12002 | Gauntlet | Identified the cursed +0 kite shield "Overhang to
                  | Understand" {Fort, Cun} (You took it off a gnoll sergeant
                  | on level 9 of the Dungeon)
 12315 | Lair:2   | Reached skill level 10 in Fighting
 12497 | Lair:2   | Reached skill level 10 in Dodging
 12832 | Lair:3   | Reached skill level 13 in Unarmed Combat
 12865 | Lair:3   | Reached ***** piety under Ashenzari
 13055 | Lair:3   | Found a hole to the Spider Nest.
 13623 | Lair:3   | Reached XP level 14. HP: 105/107 MP: 14/14
 13697 | Lair:3   | Found a staircase to the Swamp.
 13757 | Spider:1 | Entered Level 1 of the Spider Nest
 14018 | Lair:4   | Reached skill level 14 in Unarmed Combat
 14350 | Lair:4   | Found a viscous altar of Jiyva.
 14350 | Lair:4   | Found a staircase to the Slime Pits.
 14808 | Slime:1  | Entered Level 1 of the Pits of Slime
 14840 | Lair:5   | Entered Level 5 of the Lair of Beasts
 14865 | Lair:5   | HP: 5/108 [four-headed hydra (8)]
 14865 | Lair:5   | Slain by a four-headed hydra

Illustrated notes

Levels and vault maps discovered:
D:1:      minmay_arrival_three_doors, layout_rooms, serial_forest,
          infiniplex_forest_clump_curved, infiniplex_forest_clump_double,
          infiniplex_forest_lined_2, infiniplex_forest_clump_diagonal,
          infiniplex_forest_zigzag_1, infiniplex_forest_lined_room_3,
          infiniplex_forest_lined_room_2, minmay_pentomino_p4
D:2:      layout_loops_cross, dreamdust_ecumenical_altar_angels_and_demons,
          serial_shops, nicolae_shop_real_fake_doors
D:3:      layout_loops_ring, mainiacjoe_overflow_brackets, minivault_27,
          uniq_robin, uniq_natasha
D:4:      layout_layer_cave, worldfamousw_hep_ancestral_shrine,
          minmay_temple_entry_arrows, cheibrodos_sewer_entry_drain, uniq_ijyb,
          uniq_edmund
D:5:      layout_gridville, mainiacjoe_overflow_cross_hatched, uniq_grinder,
          uniq_prince_ribbit1
D:6:      layout_loops_corners, serial_library_hellmonk_metal_room, uniq_duvessa
D:7:      layout_basic, uniq_maggie, uniq_crazy_yiuf_cottage
D:8:      layout_basic, mainiacjoe_overflow_chevrons, kennysheep_little_box,
          nicolae_dithmenos_through_a_glass_darkly, serial_shops,
          nicolae_shop_bloodbath_and_beyond, nicolae_shop_mannequins,
          nicolae_shop_trees, nicolae_shop_advertising_works
          [nicolae_subvault_shop_adworks]
D:9:      layout_irregular_city, mainiacjoe_overflow_alcove_2, lair_entry_dummy,
          nicolae_straight_to_the_point
D:10:     layout_cave_pools, serial_column_ruins, column_ruins_hut,
          column_ruins_grid_3, column_ruins_corridor_straight,
          column_ruins_grid_1, column_ruins_open_medium,
          column_ruins_columns_water, column_ruins_open_medium, laboratory
D:11:     layout_gridville, nicolae_trove_entry_diagonal, minivault_7,
          uniq_nergalle
D:12:     layout_stronghold, minmay_orc_entry_guard_dogs
D:13:     layout_long_grid, grunt_vaults_entry_fortified, serial_ice,
          serial_ice_m, serial_ice_o, serial_ice_j, serial_ice_b,
          portal_ice_cave_rime, hangedman_decor_growths
Temple:   hellmonk_temple_two_chambers
Lair:1:   layout_roguey, serial_bayou_pond_b, beast_lair_carwin_1
Lair:2:   layout_long_grid, gauntlet_entry_generic, dreamdust_gnoll_shepherd
Lair:3:   layout_chaotic_city, palyth_hydra_swamp_entry,
          spider_nest_entry_rubble, nzn_sisyphean_effort,
          infiniplex_staircase_pool_2, grunt_megastairs_2
Lair:4:   layout_regular_city, nicolae_slime_entry_slimehenge,
          beast_lair_carwin_11, serial_bayou_shore_b
Lair:5:   minmay_lair_end_enchanted_forest, layout_hall_layers,
          lemuel_fruit_fields, grunt_megastairs_1, uniq_snorg
Spider:1: layout_cave_pods
Slime:1:  layout_caves

Skill      XL: |  1  2  3  4  5  6  7  8  9 10 11 12 13 14 |
---------------+-------------------------------------------+-----
Stealth        | 2 4 |  4.5
Fighting       | 4 5 6 7 8 9 10 11 | 11.0
Dodging        | 4 5 6 7 8 9 10 | 10.8
Unarmed Combat | 3 4 5 6 8 10 12 13 14 | 14.2
Shapeshifting  | 11 | 11.5
Shields        | 5 7 |  7.7

Action                     |  1- 3 |  4- 6 |  7- 9 | 10-12 | 13-15 || total
---------------------------+-------+-------+-------+-------+-------++-------
  Melee: Unarmed           |    68 |   109 |   146 |   382 |   307 ||  1012
         Constrict         |    23 |    36 |    34 |    65 |    32 ||   190
         Tentacles         |    13 |    27 |    30 |    89 |    83 ||   242
         Punch             |     1 |     4 |     6 |    31 |    42 ||    84
         Maw               |       |       |       |    69 |   123 ||   192
  Throw: Boomerang         |       |    15 |       |       |     3 ||    18
 Invoke: Curse Item        |       |     1 |     4 |     4 |     3 ||    12
         Shatter the Chain |       |       |       |     2 |       ||     2
  Evoke: Wand              |       |       |       |     3 |       ||     3
    Use: Scroll            |     1 |     7 |     1 |     1 |     1 ||    11
         Potion            |       |     1 |     2 |     4 |     2 ||     9
   Stab: Sleeping          |     6 |    10 |    15 |    16 |    13 ||    60
         Paralysed         |       |       |       |     1 |       ||     1
         Distracted        |       |       |       |     1 |     1 ||     2
 Armour: Skin              |    28 |    32 |    42 |   162 |   111 ||   375
  Dodge: Dodged            |    44 |    36 |   121 |   331 |   217 ||   749
  Block: Buckler           |    16 |    22 |     1 |       |       ||    39
         Kite shield       |       |       |       |   109 |   142 ||   251
   Form: Maw               |       |       |     1 |     1 |     1 ||     3
         Blade             |       |       |     1 |       |     1 ||     2

Table legend: (Time is in decaauts)
 A = Elapsed time spent in this place.
 B = Non-inter-level travel time spent in this place.
 C = Inter-level travel time spent in this place.
 D = Time resting spent in this place.
 E = Time spent auto-exploring this place.
 F = Levels seen in this place.
 G = Mean time per level.
                   A        B        C        D        E       F      G
               +--------+--------+--------+--------+--------+-----+--------+
         Total |  14722 |  14083 |    639 |    816 |   9899 |  24 |  613.4 |
       Dungeon |  10416 |   9947 |    469 |    611 |   7213 |  13 |  801.2 |
        Temple |     18 |     10 |      8 |      0 |      0 |   1 |   18.0 |
          Lair |   3606 |   3444 |    162 |     48 |   2495 |   5 |  721.2 |
   Spider Nest |      1 |      1 |      0 |      0 |      0 |   1 |    1.0 |
    Slime Pits |      4 |      4 |      0 |      0 |      0 |   1 |    4.0 |
         Sewer |    193 |    193 |      0 |    104 |     32 |   1 |  193.0 |
      Ice Cave |    108 |    108 |      0 |     44 |      0 |   1 |  108.0 |
      Gauntlet |    372 |    372 |      0 |      8 |    159 |   1 |  372.0 |
               +--------+--------+--------+--------+--------+-----+--------+

Top non-repeatable levels by time:
     D:4: 1431 daAuts
     D:6: 1204 daAuts
  Lair:4: 1034 daAuts
  Lair:3: 936 daAuts
     D:3: 935 daAuts
     D:5: 867 daAuts
    D:11: 863 daAuts
  Lair:2: 834 daAuts
     D:9: 809 daAuts
  Lair:1: 778 daAuts
     D:7: 770 daAuts
    D:10: 724 daAuts
     D:2: 715 daAuts
     D:8: 710 daAuts
     D:1: 691 daAuts
